 Dungeon Sprint DCSS version 0.16.2-12-gd0ad4c3 (webtiles) character file.

571 Horhen the Thaumaturge (level 7, -26/36 HPs)
             Began as a Deep Elf Conjurer on Sept 24, 2015.
             Was an Initiate of Vehumet.
             Killed by an exploding giant spore (37 damage)
             ... in the Dungeon (Sprint I: "Red Sonja").
             The game lasted 00:02:03 (591 turns).

Horhen the Thaumaturge (Deep Elf Conjurer)           Turns: 591, Time: 00:02:04

Health: -26/36     AC:  2    Str:  5    XL:     7   Next: 11%
Magic:  30/30      EV: 13    Int: 27    God:    Vehumet [......]
Gold:   405        SH:  0    Dex: 15    Spells: 5 memorised, 17 levels left

rFire  . . .     SeeInvis .     k - +0 dagger
rCold  . . .     Clarity  .     a - +0 robe
rNeg   . . .     SustAb   .     (no shield)
rPois  .         Gourm    .     (no helmet)
rElec  .         Spirit   .     (no cloak)
rCorr  .         Warding  .     (no gloves)
rMut   .         NoTele   +     (no boots)
MR     .....                    (no amulet)
Stlth  +.........               (no ring)
                                (no ring)

@: confused, brilliant, not resistant to hostile enchantments, very unstealthy
A: no striking features
a: Renounce Religion


You were in the Dungeon.
You worshipped Vehumet.
Vehumet was noncommittal.
You were not hungry.

You visited 1 branch You collected 405 gold pieces.

Inventory:

Hand weapons
 k - a +0 dagger (weapon)
Armour
 a - a +0 robe (worn)
Magical devices
 h - a wand of slowing (9)
Scrolls
 i - 4 scrolls of blinking
 l - a scroll of immolation {unknown}
Potions
 d - a potion of curing
 e - 2 potions of heal wounds
 f - a potion of haste
 g - 2 potions of magic
 m - a potion of brilliance
Books
 c - a book of Conjurations

   Spells                             Type                      Level
   a - Magic Dart                     Conjuration                  1
   b - Searing Ray                    Conjuration                  2
   c - Dazzling Spray                 Conjuration/Hexes            3
   d - Fulminant Prism                Conjuration/Hexes            4
   e - Iskenderun's Mystic Blast      Conjuration                  4
   f - Iskenderun's Battlesphere      Conjuration/Charms           5
Comestibles
 b - a bread ration


   Skills:
 - Level 2.4 Dodging
 - Level 2.4 Stealth
 * Level 13.5 Spellcasting
 + Level 12.4 Conjurations
 - Level 2.4 Charms


You had 17 spell levels left.
You knew the following spells:

 Your Spells              Type           Power        Failure   Level  Hunger
a - Magic Dart            Conj           ####         1%          1    None
b - Iskenderun's Battles  Conj/Chrm      ######..     1%          5    ##.....
c - Searing Ray           Conj           ######       1%          2    None
d - Iskenderun's Mystic   Conj           #######.     1%          4    None
e - Fulminant Prism       Conj/Hex       ######....   1%          4    None


Dungeon Overview and Level Annotations

Branches:
Dungeon (1/1)

Altars:
Elyvilon
Gozag
Kikubaaqudgha
Makhleb
Nemelex Xobeh
Okawaru
Qazlal
Ru
Sif Muna
Trog
Vehumet
Xom
Yredelemnul
Zin
The Shining One

Shops:
D *


Message History

It was a potion of brilliance.
You feel clever all of a sudden.
There is an open door here.
Things that are here:
a blowgun; an uncursed dagger of venom; 8 curare-tipped needles You now have 378 gold pieces (gained 27).
You now have 405 gold pieces (gained 27).
You open the door. 2 giant spores come into view.
The giant spore waves its rhizomes.
The giant spore explodes!
The explosion of spores engulfs you!
You are confused.
Ouch! That really hurt!
The explosion of spores engulfs the giant spore.
The giant spore explodes!
A fungus suddenly grows.
The explosion of spores engulfs you!
You are more confused.
Ouch! That really hurt!
You die...

#..#__####..##(#
#..#_..__##'#..+
#⌠⌠#_.∩...(..._#
####_..._##_.#'#
#_____###'#.#
#########)###
+...+ #...#
##@## #'# !$!


$?[%P ####### There were no monsters in sight!

Vanquished Creatures
  Sonja (D)
  A yak (D)
  An ogre (D)
  Sigmund (D)
  A jelly (D)
  Ijyb (D)
6 creatures vanquished.

Vanquished Creatures (others)
  A fulminant prism (D)
1 creature vanquished.

Grand Total: 7 creatures vanquished

Notes
Turn   | Place    | Note
--------------------------------------------------------------
     0 | D        | Horhen, the Deep Elf Conjurer, began the quest for the Orb.
     0 | D        | Reached XP level 1. HP: 10/10 MP: 5/5
     2 | D        | Noticed Ijyb
    12 | D        | Killed Ijyb
    12 | D        | Reached skill level 6 in Conjurations
    12 | D        | Reached XP level 2. HP: 15/15 MP: 4/10
    59 | D        | Learned a level 2 spell: Searing Ray
    79 | D        | Noticed an ogre
    84 | D        | Killed an ogre
    84 | D        | Reached skill level 7 in Spellcasting
    84 | D        | Reached skill level 9 in Conjurations
    84 | D        | Reached XP level 3. HP: 19/19 MP: 7/17
    84 | D        | Reached XP level 4. HP: 24/24 MP: 8/20
    90 | D        | Learned a level 4 spell: Fulminant Prism
    95 | D        | Learned a level 4 spell: Iskenderun's Mystic Blast
   159 | D        | Noticed Sigmund
   162 | D        | Killed Sigmund
   162 | D        | Reached skill level 10 in Conjurations
   162 | D        | Reached XP level 5. HP: 28/28 MP: 14/23
   175 | D        | Learned a level 5 spell: Iskenderun's Battlesphere
   220 | D        | Found a deep blue altar of Sif Muna.
   221 | D        | Noticed a jelly
   222 | D        | Found a radiant altar of Vehumet.
   226 | D        | Killed a jelly
   226 | D        | Reached skill level 11 in Conjurations
   253 | D        | Became a worshipper of Vehumet
   254 | D        | Found Pnatwaung's General Store.
   254 | D        | Found a white marble altar of Elyvilon.
   254 | D        | Found a burning altar of Makhleb.
   254 | D        | Found a sacrificial altar of Ru.
   254 | D        | Found a glowing golden altar of the Shining One.
   254 | D        | Found an opulent altar of Gozag.
   254 | D        | Found a glowing silver altar of Zin.
   254 | D        | Noticed a yak
   256 | D        | Killed a yak
   256 | D        | Reached XP level 6. HP: 32/32 MP: 10/27
   257 | D        | Found a stormy altar of Qazlal.
   257 | D        | Found a basalt altar of Yredelemnul.
   257 | D        | Found an iron altar of Okawaru.
   257 | D        | Found a sparkling altar of Nemelex Xobeh.
   257 | D        | Found a shimmering altar of Xom.
   257 | D        | Found an ancient bone altar of Kikubaaqudgha.
   260 | D        | Found a bloodstained altar of Trog.
   342 | D        | Noticed Sonja
   345 | D        | Killed Sonja
   345 | D        | Reached skill level 13 in Spellcasting
   345 | D        | Reached XP level 7. HP: 30/36 MP: 15/30
   591 | D        | Killed by an exploding giant spore

Action                   |  1- 3 |  4- 6 |  7- 9 || total
-------------------------+-------+-------+-------++-------
Melee: Unarmed           |     7 |       |       ||     7
 Cast: Magic Dart        |     2 |       |       ||     2
       Searing Ray       |     1 |     2 |       ||     3
       Fulminant Prism   |       |     1 |       ||     1
       Iskenderun's Myst |       |     3 |     1 ||     4
       Iskenderun's Batt |       |     2 |       ||     2
  Use: Potion            |     1 |       |     1 ||     2
